AoeStats
← lea.antonia2001

MegaRandom

510310036Analyzed
2v2 RM · 3d ago on Sep 30, 2026· 49m 56s· 4 players
Game mode
Random Map
Map size
Medium (4 player)
Population
200
Speed
Normal
Resources
Standard
Victory
Conquest
Starting age
Dark Age
Ending age
Imperial Age
RankedLock teamsTeams togetherTeam positionsShared explorationLock speedFull tech treeHidden civsTurbo modeCheats
Victory
Defeat
🇩🇪 Khmer · Germany
705
+14
🇩🇪 Magyars · Germany
689
+15
🇪🇸 Turks · Spain
670
-15
🇩🇪 Franks · Germany
646
-14
ekansdilos_
0:33 Loom
11:26 Feudal Age
13:08 Wheelbarrow
12:19 Town Watch
18:56 Double-Bit Axe
19:13 Stone Mining
21:36 Castle Age
19:41 Gold Mining
23:35 Hand Cart
23:21 Town Patrol
23:45 Hand Cart
25:45 Gold Shaft Mining
25:30 Caravan
25:45 Squires
27:25 Arson
35:49 Imperial Age
33:19 Murder Holes
37:01 Conscription
37:19 Hoardings
40:49 Padded Archer Armor
40:40 Fletching
41:02 Forging
42:28 Sanctity
42:21 Fervor
41:58 Arrowslits
44:08 Leather Archer Armor
43:48 Bodkin Arrow
45:39 Heavy Scorpion
47:21 Guard Tower
47:53 Ballistics
47:54 Bombard Tower
copopops
9:54 Feudal Age
10:58 Double-Bit Axe
12:16 Wheelbarrow
12:17 Arson
11:55 Man-at-Arms
17:34 Forging
17:25 Scale Mail Armor
18:33 Loom
23:31 Castle Age
25:02 Hand Cart
24:52 Squires
32:26 Husbandry
32:59 Pikeman
39:42 Iron Casting
39:13 Scale Barding Armor
38:58 Gambesons
lea.antonia2001
1:07 Loom
15:03 Feudal Age
17:49 Double-Bit Axe
21:37 Gold Mining
24:26 Castle Age
30:51 Elite Skirmisher
33:34 Bow Saw
43:13 Imperial Age
42:43 Light Cavalry
46:06 Gold Shaft Mining
49:21 Hussar
CoyQuasar184961
9:24 Loom
12:01 Feudal Age
14:04 Double-Bit Axe
13:56 Man-at-Arms
17:49 Castle Age
16:27 Horse Collar
26:41 Wheelbarrow
25:52 Town Watch
31:37 Bow Saw
30:50 Light Cavalry
31:43 Bloodlines
37:58 Imperial Age
38:04 Hussar
38:46 Husbandry
38:22 Heavy Scorpion
43:26 Elite Ballista Elephant
Connection lost

Rejoining the realm…

Still unreachable

The connection could not be restored.

Session expired

The server has moved on; the page needs a fresh start.